 Dungeon Crawl Stone Soup version 0.27-a0-668-gb5737ff2c0 (webtiles) character file.

Game seed: 21289383311149522

240 snetch the Basher (level 6, -5/53 HPs)
             Began as a Gnoll Wanderer on Mar 17, 2021.
             Was a Follower of the Shining One.
             Killed by divine providence
             ... invoked by an orc priest
              (15 damage)
             ... on level 3 of the Dungeon.
             The game lasted 00:06:20 (3037 turns).

snetch the Basher (Gnoll Wanderer)                  Turns: 3037, Time: 00:06:20

Health: -5/53      AC: 10    Str: 14    XL:     6   Next: 8%
Magic:  8/8        EV:  7    Int: 10    God:    the Shining One [*.....]
Gold:   99         SH:  0    Dex: 18    Spells: 8/8 levels left

rFire    . . .     SeeInvis .   a - +2 mace
rCold    . . .     Faith    .   (no shield)
rNeg     . . .     Spirit   .   n - +0 chain mail
rPois    .         Reflect  .   h - +0 helmet
rElec    .         Harm     .   (no cloak)
rCorr    .         Rampage  .   (no gloves)
Will     .....                  (no boots)
Stlth    ..........             (no amulet)
HPRegen  0.17/turn              m - ring of Arroyhaa {Dex+6 Stlth+}
MPRegen  0.11/turn              (no ring)

@: glowing
A: fangs 1, strong nose, distributed training
a: Renounce Religion


You were on level 3 of the Dungeon.
You worshipped the Shining One.
The Shining One was aware of your devotion.
You visited 1 branch of the dungeon, and saw 3 of its levels.
You also visited: Sewer.

You collected 99 gold pieces.

Inventory:

Hand Weapons
 a - a +2 mace (weapon)
Missiles
 i - 83 stones
 l - 6 boomerangs (quivered)
Armour
 h - a +0 helmet (worn)
 n - a +0 chain mail (worn)
Jewellery
 m - the ring of Arroyhaa (right hand) {Dex+6 Stlth+}
   (You found it in a sewer)

   [ring of dexterity]

   It affects your dexterity (+6).
   It makes you more stealthy.
Scrolls
 b - a scroll of teleportation
 e - 4 scrolls of torment {unknown}
 g - a scroll of identify {unknown}
 k - a scroll of enchant weapon {unknown}
Potions
 c - a potion of lignification
 f - 2 potions of haste {unknown}
 j - 2 potions of attraction {unknown}


   Skills:
 + Level 6.8 Fighting
 + Level 1.8 Short Blades
 + Level 1.8 Long Blades
 + Level 1.8 Axes
 + Level 8.7 Maces & Flails
 + Level 1.8 Polearms
 + Level 1.8 Staves
 + Level 1.8 Slings
 + Level 1.8 Bows
 + Level 1.8 Crossbows
 + Level 1.8 Throwing
 + Level 3.1 Armour
 + Level 1.8 Dodging
 + Level 3.0 Stealth
 + Level 3.1 Shields
 + Level 1.8 Unarmed Combat
 + Level 1.8 Spellcasting
 + Level 1.4 Conjurations
 + Level 1.4 Hexes
 + Level 1.4 Summonings
 + Level 1.4 Necromancy
 + Level 1.4 Translocations
 + Level 1.4 Transmutations
 + Level 1.4 Fire Magic
 + Level 1.4 Ice Magic
 + Level 1.4 Air Magic
 + Level 1.4 Earth Magic
 + Level 1.4 Poison Magic
 + Level 2.0 Invocations
 + Level 1.8 Evocations


You had 8 spell levels left.
You didn't know any spells.
Your spell library was empty.

Dungeon Overview and Level Annotations

Branches:
Dungeon (3/15)              Sewer (visited)

Altars:
The Shining One


Innate Abilities, Weirdness & Mutations

You have very sharp teeth.
Your uncanny sense of smell can sniff out nearby items.
Your experience applies equally to all skills.


Message History

The orc priest miscasts a cantrip.
You bump into the rock wall.
You bump into the rock wall.
The orc wizard hits you with a +0 dagger.
The orc wizard hits you but does no damage.
The orc closely misses you.
The orc priest looks braver for a moment.
You sock the orc!
You kill the orc!
The orc wizard barely misses you.
You hit the orc wizard.
The orc wizard is lightly wounded.
The orc wizard hits you with a +0 dagger.
The orc priest hits you with a +0 whip.
You feel less confused.
The orc wizard hits you but does no damage.
The orc priest begins to cast a cantrip, but forgets the words!
The orc wizard points at you and mumbles some strange words.
The puff of flame hits you! The orc priest barely misses you.
You hit the orc priest.
The orc priest is moderately wounded.
The orc wizard hits you with a +0 dagger.
The orc priest closely misses you.
You hit the orc priest.
You bite the orc priest, but do no damage.
The orc priest is moderately wounded.
The orc wizard hits you but does no damage.
The orc priest hits you but does no damage.
You hit the orc priest but do no damage.
The orc priest is moderately wounded.
The orc wizard hits you but does no damage.
The orc priest calls down the wrath of Beogh upon you.
Pain shoots through your body!
* * * LOW HITPOINT WARNING * * *
You hit the orc priest. You bite the orc priest.
The orc priest is severely wounded.
The orc wizard hits you but does no damage.
The orc priest calls down the wrath of Beogh upon you.
Beogh smites you!
You die...

#. ##<####)#† #.
#.####)#.
#####.####
#........ o....>...
...####.#. ....?.
.........
#.?########.####.##
#.oo.............##
##o###........≈..##
#@###.##≈≈≈≈≈##.##
#.o.#.##≈≈≈≈≈##.##
###.#.≈≈≈....≈≈...
.#.≈†....≈≈≈.##
#.≈≈....÷....#
#.≈≈.[)†.≈≈...
#.≈≈.....≈≈...
#.##≈≈≈≈≈##..#
#.##≈≈≈≈≈##..#


You could see 2 orc priests and 2 orc wizards.

Vanquished Creatures
  2 bullfrogs (Sewer)
  4 adders
  5 worms
  2 leopard geckos
  2 orcs (D:3)
  5 ball pythons
  3 bats (D:1)
  8 giant cockroaches
  7 goblins
  4 hobgoblins
  4 jackals (D:1)
  A quokka (D:1)
  6 frilled lizards
  4 kobolds
  3 rats
60 creatures vanquished.

Notes
Turn   | Place    | Note
-------+----------+-------------------------------------------
     0 | D:1      | snetch the Gnoll Wanderer began the quest for the Orb.
     0 | D:1      | snetch set off with the following items: a +2 mace, a
                  | scroll of teleportation, a potion of lignification, a +0
                  | robe
     0 | D:1      | Reached XP level 1. HP: 23/23 MP: 1/1
   232 | D:1      | Reached XP level 2. HP: 26/29 MP: 2/2
   697 | D:2      | Reached XP level 3. HP: 26/35 MP: 3/3
  1147 | D:1      | Reached skill level 1 in Invocations
  1922 | D:2      | Found a faded altar of an unknown god.
  1924 | D:2      | Became a worshipper of the Shining One
  1924 | D:2      | Reached * piety under the Shining One
  1991 | D:3      | Reached skill level 1 in Short Blades
  1991 | D:3      | Reached skill level 1 in Long Blades
  1991 | D:3      | Reached skill level 1 in Axes
  1991 | D:3      | Reached skill level 1 in Polearms
  1991 | D:3      | Reached skill level 1 in Staves
  1991 | D:3      | Reached skill level 1 in Slings
  1991 | D:3      | Reached skill level 1 in Bows
  1991 | D:3      | Reached skill level 1 in Crossbows
  1991 | D:3      | Reached skill level 1 in Throwing
  1991 | D:3      | Reached skill level 1 in Dodging
  1991 | D:3      | Reached skill level 1 in Unarmed Combat
  1991 | D:3      | Reached skill level 1 in Spellcasting
  1991 | D:3      | Reached skill level 1 in Evocations
  2000 | D:3      | Reached XP level 4. HP: 26/41 MP: 5/5
  2058 | D:3      | Found a glowing drain.
  2069 | Sewer    | Entered a sewer
  2502 | Sewer    | Reached skill level 1 in Conjurations
  2502 | Sewer    | Reached skill level 1 in Hexes
  2502 | Sewer    | Reached skill level 1 in Summonings
  2502 | Sewer    | Reached skill level 1 in Necromancy
  2502 | Sewer    | Reached skill level 1 in Translocations
  2502 | Sewer    | Reached skill level 1 in Transmutations
  2502 | Sewer    | Reached skill level 1 in Fire Magic
  2502 | Sewer    | Reached skill level 1 in Ice Magic
  2502 | Sewer    | Reached skill level 1 in Air Magic
  2502 | Sewer    | Reached skill level 1 in Earth Magic
  2502 | Sewer    | Reached skill level 1 in Poison Magic
  2573 | Sewer    | Noticed a bullfrog
  2573 | Sewer    | Noticed a bullfrog
  2579 | Sewer    | Killed a bullfrog
  2580 | Sewer    | Reached XP level 5. HP: 34/47 MP: 5/7
  2584 | Sewer    | Reached XP level 6. HP: 26/53 MP: 5/8
  2591 | Sewer    | Identified the ring of Arroyhaa {Dex+6 Stlth+}
  3037 | D:3      | Killed from afar by an orc priest

Illustrated notes

Levels and vault maps discovered:
D:1:      minmay_arrival_plants_in_alcoves, layout_basic, serial_bayou_pond_c
D:2:      minmay_skewed_foursquare, layout_loops_ring, lemuel_round_altar,
          chequers_ecumenical_altar_twisty
D:3:      layout_loops_ring, cheibrodos_sewer_entry_sluice, minmay_fountain_box

Skill      XL: |  1  2  3  4  5  6 |
---------------+-------------------+-----
Invocations    | 1 2 |  2.0
Short Blades   | 1 |  1.8
Long Blades    | 1 |  1.8
Axes           | 1 |  1.8
Polearms       | 1 |  1.8
Staves         | 1 |  1.8
Slings         | 1 |  1.8
Bows           | 1 |  1.8
Crossbows      | 1 |  1.8
Throwing       | 1 |  1.8
Dodging        | 1 |  1.8
Unarmed Combat | 1 |  1.8
Spellcasting   | 1 |  1.8
Evocations     | 1 |  1.8
Conjurations   | 1 |  1.4
Hexes          | 1 |  1.4
Summonings     | 1 |  1.4
Necromancy     | 1 |  1.4
Translocations | 1 |  1.4
Transmutations | 1 |  1.4
Fire Magic     | 1 |  1.4
Ice Magic      | 1 |  1.4
Air Magic      | 1 |  1.4
Earth Magic    | 1 |  1.4
Poison Magic   | 1 |  1.4
Armour         | 3 |  3.1
Shields        | 3 |  3.1
Stealth        | 3 |  3.0
Fighting       | |  6.8
Maces & Flails | |  8.7

Action                   |  1- 3 |  4- 6 || total
-------------------------+-------+-------++-------
Melee: Mace              |    88 |    77 ||   165
       Bite              |     4 |     7 ||    11
 Stab: Sleeping          |     1 |       ||     1
Armor: Robe              |    11 |    10 ||    21
       Chain mail        |       |    16 ||    16
Dodge: Dodged            |    57 |    52 ||   109

Table legend: (Time is in decaauts)
 A = Elapsed time spent in this place.
 B = Non-inter-level travel time spent in this place.
 C = Inter-level travel time spent in this place.
 D = Time resting spent in this place.
 E = Time spent auto-exploring this place.
 F = Levels seen in this place.
 G = Mean time per level.
                   A        B        C        D        E       F      G
               +--------+--------+--------+--------+--------+-----+--------+
         Total |   3139 |   3120 |     19 |    109 |   2268 |   4 |  784.8 |
       Dungeon |   2208 |   2189 |     19 |     28 |   1704 |   3 |  736.0 |
         Sewer |    930 |    930 |      0 |     81 |    563 |   1 |  930.0 |
               +--------+--------+--------+--------+--------+-----+--------+

Top non-repeatable levels by time:
     D:1: 1853 daAuts
   Sewer: 930 daAuts
     D:3: 220 daAuts
     D:2: 134 daAuts
